 Dungeon Crawl Stone Soup version 0.29-a0-839-g4793fd635e (webtiles) character file.

Game seed: 16944228370551238991

27365 megeza the Fighter (level 13, -6/148 HPs)
             Began as an Ogre Berserker on July 14, 2022.
             Was an Elder of Trog.
             Collided with a water elemental (9 damage)
             ... caused by a merfolk aquamancer
             ... on level 1 of the Shoals.
             The game lasted 01:06:02 (21098 turns).

megeza the Fighter (Ogre Berserker)                Turns: 21098, Time: 01:06:03

Health: -6/148     AC: 22    Str: 26    XL:     13   Next: 31%
Magic:  13/13      EV: 11    Int:  8    God:    Trog [****..]
Gold:   1276       SH:  0    Dex: 16    Spells: 12/12 levels left

rFire   . . .      SeeInvis .   C - +2 halberd (spect)
rCold   . . .      Faith    .   (shield currently unavailable)
rNeg    + . .      Spirit   .   T - +0 pearl dragon scales
rPois   .          Reflect  .   R - +1 hat
rElec   .          Harm     .   M - +1 cloak
rCorr   .          Rampage  .   (gloves unavailable)
Will    +....                   (boots unavailable)
Stlth   ..........              H - amulet of the acrobat
HPRegen 0.34/turn               l - +4 ring of protection
MPRegen 0.13/turn               s - +6 ring of dexterity

@: engulfed (cannot breathe), on berserk cooldown, slowed, studying Fighting,
very slow
A: large, unfitting armour, tough skin 1
a: Renounce Religion, Berserk, Trog's Hand, Brothers in Arms


You were on level 1 of the Shoals.
You worshipped Trog.
Trog was greatly pleased with you.
You visited 3 branches of the dungeon, and saw 16 of its levels.
You also visited: Bailey.

You collected 1276 gold pieces.

Inventory:

Hand Weapons
 a - a +0 hand axe
 g - a +2 dire flail of holy wrath
 x - a +6 dagger of freezing
 C - a +2 spectral halberd (weapon)
 L - a +4 hand axe
 N - a +3 war axe
 O - the +7 whip of Kurim {vorpal, *Corrode Dex+6}
   (You found it on level 10 of the Dungeon)

   It inflicts extra damage upon your enemies.
   Dex:       It affects your dexterity (+6).
   *Corrode:  It may corrode you when you take damage.
Missiles
 n - 10 boomerangs (quivered)
 t - 2 throwing nets
 J - 2 large rocks
Armour
 e - +1 fire dragon scales
 F - a +0 cloak of poison resistance
 M - a +1 cloak (worn)
 Q - +0 acid dragon scales
 R - a +1 hat (worn)
 T - +0 pearl dragon scales (worn)
 W - the +5 robe of Night {Dark Will+ SInv}
   (You found it on level 1 of the Shoals)

   It shrouds the wearer in darkness, reducing the range at which they can see
   and be seen by others.
   SInv:      It lets you see invisible.
   Will:      It increases your willpower.
Jewellery
 l - a +4 ring of protection (left hand)
 s - a +6 ring of dexterity (right hand)
 D - a ring of protection from fire
 H - an amulet of the acrobat (around neck)
Wands
 i - a wand of acid (7)
 w - a wand of flame (19)
 B - a wand of digging (8)
 E - a wand of charming (6)
 I - a wand of iceblast (8)
 P - a wand of polymorph (6)
 S - a wand of mindburst (5)
Scrolls
 c - 10 scrolls of identify
 d - 3 scrolls of teleportation
 f - 3 scrolls of fog
 o - 2 scrolls of enchant armour
 y - a scroll of poison
 K - a scroll of fear
 V - a scroll of noise {unknown}
Potions
 b - a potion of haste
 h - 6 potions of curing
 j - 3 potions of might
 m - 2 potions of attraction
 p - 4 potions of heal wounds
 r - 6 potions of magic
 u - 2 potions of ambrosia
 v - 3 potions of brilliance
 z - 7 potions of flight
 A - a potion of mutation
 G - a potion of lignification
 U - a potion of cancellation {unknown}
Miscellaneous
 k - a phial of floods (inert)


   Skills:
 * Level 14.3 Fighting
 - Level 4.3(9.9) Axes
 + Level 13.7(14.0) Polearms
 + Level 5.8 Throwing
 - Level 8.1 Armour
 * Level 7.7 Dodging
 + Level 0.1 Evocations


You had 12 spell levels left.
You didn't know any spells.
Your spell library was empty.

Dungeon Overview and Level Annotations

Branches:
Dungeon (12/15)            Temple (0/1) D:4            Lair (3/6) D:11
 Shoals (1/4) Lair:2       Bailey (visited)
  Snake: Lair:2-4    Spider: Lair:2-4       Orc: D:9-12

Altars:
Dithmenos
Elyvilon
Kikubaaqudgha
Makhleb
Okawaru

Shops:
D:1 ?   D:2 :

Portals:
Trove: D:11 (give +4 demon trident)


Innate Abilities, Weirdness & Mutations

You are too large for most types of armour.
You have tough skin. (AC +1)


Message History

The water nymph misses you. The water elemental closely misses you.
The water elemental completely misses you.
The merfolk aquamancer casts a spell at you.
The shard of ice misses you.
The water elemental is engulfed in a cloud of scalding steam.
The merfolk aquamancer attacks as you move away!
The merfolk aquamancer hits you but does no damage.
The water elemental hits you. The water elemental closely misses you.
The merfolk aquamancer is engulfed in a cloud of scalding steam.
The merfolk aquamancer points at you and mumbles some strange words.
The torrent of water misses you.
The wave splashes down.
Splash!
You fall into the shallow water.
Moving in this stuff is going to be slow.
The water elemental is engulfed in a cloud of scalding steam.
The water nymph barely misses you. The water elemental closely misses you.
The water elemental misses you.
The water elemental is engulfed in a cloud of scalding steam.
The merfolk aquamancer gestures at you while chanting.
The torrent of water hits you!!
The wave splashes down.
The water elemental is engulfed in a cloud of scalding steam.
The water nymph barely misses you. The water elemental misses you.
The water elemental closely misses you. x2
You hear a shout! x7
Your ogre goes berserk!
The merfolk aquamancer barely misses you.
The water nymph touches you. The water nymph drowns you!
* * * LOW HITPOINT WARNING * * *
The water elemental hits you.
* * * LOW HITPOINT WARNING * * *
The water elemental engulfs you in water!
The water elemental is engulfed in a cloud of scalding steam.
The water elemental barely misses you. The water elemental hits you.
The merfolk aquamancer casts a spell at you.
The torrent of water hits you!!
* * * LOW HITPOINT WARNING * * *
You are knocked back by the torrent of water.
You collide with the water elemental!
The water elemental is severely damaged.
You die...

............≈≈.P≈≈≈.
..$.........P....≈≈≈≈≈P
................≈......
......[........≈≈P.....
$.............P..≈≈≈..
.....≈≈......PPPP....
#≈O.≈......≈≈≈....#
##EEE§≈≈PP........##
#≈≈@mE≈≈PP.#.....##
......≈≈m≈≈≈P.P...≈...#
≈≈...§......≈....≈≈....#
......§§≈≈.........≈....
.#.....≈≈≈≈.....≈...≈≈.≈
##.≈.≈≈≈≈≈≈≈≈≈...≈≈≈≈≈≈
...≈≈≈≈≈≈≈≈≈≈≈≈≈.≈
.≈≈≈≈≈≈≈≈≈≈≈≈≈≈≈≈


You could see a merfolk aquamancer, 4 water elementals, a water nymph and a
friendly ogre (summoned, berserk).

Vanquished Creatures
  Gastronok (D:11)
  Josephine (D:10)
  Harold (D:10)
  A hydra (Lair:1)
  Erolcha (D:11)
  Erica (D:8)
  A centaur warrior (D:10)
  2 two-headed ogres
  Sonja (Lair:2)
  Pikel (D:5)
  A manticore (Lair:2)
  Maurice (D:11)
  4 cane toads (Lair:2)
  A kobold demonologist (D:9)
  3 komodo dragons
  A polar bear (Lair:2)
  A wind drake (Lair:2)
  A merfolk (Shoals:1)
  7 blink frogs
  Grinder (D:6)
  A snapping turtle (Shoals:1)
  Sigmund (D:5)
  A wyvern (Lair:1)
  31 yaks
  7 wraiths
  2 basilisks (Lair:2)
  4 vampire mosquitoes (D:11)
  2 steam dragons
  Edmund (D:6)
  2 acid dragons
  3 wargs
  Duvessa (D:5)
  2 water moccasins (Lair:2)
  2 ice beasts (D:6)
  13 orc warriors
  3 sky beasts
  2 black bears
  10 ogres (D:6)
  5 wolves (Lair:2)
  A lemure (D:5)
  6 kobold brigands
  3 gnoll sergeants
  9 bullfrogs
  6 necrophages (D:4)
  3 scorpions
  7 wights
  Dowan (D:5)
  6 killer bees (D:11)
  6 howler monkeys (D:6)
  A quasit (D:7)
  A bullfrog zombie (D:4)
  3 gnoll boudas (D:6)
  6 orc priests
  Crazy Yiuf (D:6)
  13 hounds
  2 jellies
  A human zombie (D:4)
  Ijyb (D:5)
  4 iguanas
  18 orc wizards
  A hound zombie (D:4)
  28 gnolls
  An adder (D:6)
  A shadow imp (D:7)
  7 white imps
  2 ufetubi
  2 adder zombies (D:4)
  2 worms
  4 dart slugs
  46 orcs
  6 ball pythons
  8 endoplasms
  2 giant cockroaches
  6 hobgoblins
  15 jackals
  24 kobolds
  11 quokkas
  3 bats
  9 frilled lizards
  11 goblins
  10 rats
  A bush (Lair:2)
424 creatures vanquished.

Vanquished Creatures (others)
  An orc priest (D:6)
  An orc (D:6)
  A demonic plant (D:7)
  14 fungi (Lair:2)
  20 plants
37 creatures vanquished.

Grand Total: 461 creatures vanquished

Notes
Turn   | Place    | Note
-------+----------+-------------------------------------------
     0 | D:1      | megeza the Ogre Berserker began the quest for the Orb.
     0 | D:1      | Reached XP level 1. HP: 24/24 MP: 1/1
   328 | D:1      | Reached XP level 2. HP: 16/32 MP: 2/2
   567 | D:1      | Found Pimm's Magic Scroll Boutique.
   944 | D:1      | Reached XP level 3. HP: 40/40 MP: 3/3
  1340 | D:1      | Reached ** piety under Trog
  1661 | D:2      | Found Koedadod's Vocational Training.
  1777 | D:2      | Found a faded altar of an unknown god.
  1904 | D:2      | Reached XP level 4. HP: 45/49 MP: 4/4
  2127 | D:2      | Reached skill level 5 in Fighting
  2604 | D:3      | Found a white marble altar of Elyvilon.
  2667 | D:3      | Reached XP level 5. HP: 49/57 MP: 5/5
  2733 | D:3      | Found a shadowy altar of Dithmenos.
  2749 | D:3      | Reached skill level 1 in Polearms
  2779 | D:3      | Found an iron altar of Okawaru.
  2923 | D:3      | Reached *** piety under Trog
  3143 | D:3      | Identified the +2 robe "Odghunko" {*Slow Str+3 Stlth+}
  3432 | D:4      | Reached XP level 6. HP: 66/66 MP: 6/6
  3471 | D:4      | Found a staircase to the Ecumenical Temple.
  3485 | D:4      | Noticed a black bear
  3502 | D:4      | Killed a black bear
  3701 | D:4      | Reached XP level 7. HP: 69/74 MP: 7/7
  3818 | D:4      | Reached skill level 6 in Fighting
  3886 | D:4      | Reached skill level 5 in Polearms
  3911 | D:4      | Found an ancient bone altar of Kikubaaqudgha.
  3942 | D:4      | Reached XP level 8. HP: 26/83 MP: 8/8
  4513 | D:4      | Reached skill level 7 in Fighting
  4633 | D:4      | Identified the +0 robe "Yschoimm" {Dex+4}
  5458 | D:5      | Entered Level 5 of the Dungeon
  5531 | D:5      | Noticed Pikel
  5542 | D:5      | Killed Pikel
  5543 | D:5      | Reached skill level 8 in Fighting
  5543 | D:5      | Reached XP level 9. HP: 96/96 MP: 9/9
  5759 | D:5      | Noticed Sigmund
  5768 | D:5      | Killed Sigmund
  5769 | D:5      | Reached skill level 5 in Dodging
  5822 | D:5      | Noticed Dowan
  5824 | D:5      | Noticed Duvessa
  5829 | D:5      | Killed Dowan
  5837 | D:5      | Killed Duvessa
  6054 | D:5      | Noticed Ijyb
  6066 | D:5      | Killed Ijyb
  6431 | D:6      | Noticed Grinder
  6439 | D:6      | Killed Grinder
  6645 | D:6      | Reached skill level 9 in Fighting
  6756 | D:6      | Reached **** piety under Trog
  6996 | D:6      | Reached XP level 10. HP: 66/107 MP: 10/10
  6998 | D:6      | Noticed a two-headed ogre
  7531 | D:6      | Killed a two-headed ogre
  7532 | D:6      | Reached skill level 5 in Armour
  8975 | D:6      | Found a burning altar of Makhleb.
  8975 | D:6      | Noticed a blizzard demon
  8979 | D:6      | Noticed a smoke demon
  8979 | D:6      | Noticed a smoke demon
  9563 | D:6      | Found a runed translucent door.
  9564 | D:6      | Noticed Crazy Yiuf
  9573 | D:6      | Killed Crazy Yiuf
  9892 | D:6      | Noticed Edmund
  9899 | D:6      | Reached skill level 10 in Fighting
  9899 | D:6      | Reached skill level 10 in Polearms
  9904 | D:6      | Killed Edmund
 11390 | D:7      | Reached XP level 11. HP: 118/119 MP: 11/11
 11840 | D:8      | Noticed Erica
 11855 | D:8      | Killed Erica
 12119 | D:8      | Noticed a two-headed ogre
 12130 | D:8      | Killed a two-headed ogre
 12492 | D:8      | Reached skill level 1 in Throwing
 13590 | D:9      | Identified the +0 scale mail "Ocoucr Qogits" {rPois rF-
                  | Regen+ Dex+9}
 13984 | D:9      | Found a flagged portal.
 14023 | Bailey   | Entered a bailey
 14127 | Bailey   | Reached skill level 11 in Fighting
 14933 | D:10     | Entered Level 10 of the Dungeon
 14933 | D:10     | Noticed Josephine
 15080 | D:10     | Killed Josephine
 15149 | D:10     | Noticed Harold
 15168 | D:10     | Killed Harold
 15736 | D:10     | Reached XP level 12. HP: 103/132 MP: 12/12
 16107 | D:10     | Identified the +7 whip of Kurim {vorpal, *Corrode Dex+6}
 16257 | D:10     | Reached skill level 12 in Fighting
 16618 | D:10     | Noticed a centaur warrior
 16889 | D:10     | Killed a centaur warrior
 17263 | D:11     | Noticed Gastronok
 17273 | D:11     | Killed Gastronok
 17330 | D:11     | Noticed Erolcha
 17337 | D:11     | Killed Erolcha
 17367 | D:11     | Noticed Maurice
 17375 | D:11     | Killed Maurice
 17420 | D:11     | HP: 2/133 [vampire mosquito (6)]
 17993 | D:11     | Reached skill level 13 in Fighting
 18163 | D:11     | Found a portal to a secret trove of treasure.
 18343 | D:11     | Found a staircase to the Lair.
 18374 | D:11     | Reached ***** piety under Trog
 18874 | Lair:1   | Entered Level 1 of the Lair of Beasts
 19130 | Lair:1   | Noticed a five-headed hydra
 19139 | Lair:1   | Killed a 13-headed hydra
 19804 | Lair:2   | Reached XP level 13. HP: 145/145 MP: 13/13
 19809 | Lair:2   | Reached skill level 5 in Throwing
 20128 | Lair:2   | Reached skill level 14 in Fighting
 20159 | Lair:2   | Noticed Sonja
 20164 | Lair:2   | Killed Sonja
 20374 | Lair:2   | Identified a scroll of acquirement
 20376 | Lair:2   | Acquired a manual of Fighting
 20432 | Lair:2   | Found a staircase to the Shoals.
 20927 | Shoals:1 | Entered Level 1 of the Shoals
 20951 | Shoals:1 | Found the +5 robe of Night {Dark Will+ SInv}
 21098 | Shoals:1 | HP: 3/148 [merfolk aquamancer/torrent of water (34)]
 21098 | Shoals:1 | Collided with a water elemental

Illustrated notes

Levels and vault maps discovered:
D:1:      matt_arrival_refuge, layout_loops_cross, serial_shops, shop
D:2:      layout_basic, ebering_ecumenical_altar_webs, nicolae_shop_vocational
D:3:      layout_loops_ring, grunt_dithmenos_smoke_and_mirrors,
          elyvilon_altar_5, mainiacjoe_overflow_small_starburst
D:4:      layout_loops_ring, lemuel_mausoleum_altar_kikubaaqudgha,
          temple_fountains, minmay_fractal_squares_gapless_5
D:5:      layout_cave_pods, uniq_ijyb, uniq_duvessa, uniq_pikel, uniq_sigmund
D:6:      lemuel_castle_with_subvaults [lemuel_castle_interior_carwin_3],
          layout_basic, makhleb_altar_promises_db, portal_sewer_entry_f,
          uniq_crazy_yiuf_cottage, uniq_grinder, uniq_edmund
D:7:      layout_basic, serial_demonic, serial_demonic_d, serial_demonic_a,
          serial_demonic_f, serial_demonic_e
D:8:      layout_basic, kennysheep_minor_cross, uniq_erica
D:9:      layout_irregular_city, enter_bailey_3
D:10:     layout_small_grid, uniq_harold, uniq_josephine
D:11:     layout_small_grid, erik_lair_orcish_takeover, enter_trove_6,
          uniq_maurice, uniq_gastronok, uniq_erolcha
D:12:     layout_long_grid, hiddenorc1_lemuel, tgw_sif
Lair:1:   layout_regular_city
Lair:2:   layout_regular_city, minmay_shoals_entry_beasts, uniq_sonja
Lair:3:   layout_gridlike
Shoals:1: layout_shoals, nicolae_shoals_sun_and_surf

Skill      XL: |  1  2  3  4  5  6  7  8  9 10 11 12 13 |
---------------+----------------------------------------+-----
Dodging        | 3 4 5 6 7 |  7.7
Axes           | 4 |  4.3
Fighting       | 5 6 8 9 10 11 13 14 | 14.3
Polearms       | 2 3 5 7 8 10 11 13 | 13.7
Armour         | 2 4 6 7 8 |  8.1
Throwing       | 3 4 5 |  5.8
Evocations     | |  0.1

Action                   |  1- 3 |  4- 6 |  7- 9 | 10-12 | 13-15 || total
-------------------------+-------+-------+-------+-------+-------++-------
Melee: Hand axe          |   167 |     5 |       |       |       ||   172
       Punch             |     2 |     1 |     9 |       |       ||    12
       Spear             |       |   117 |   356 |   155 |       ||   628
       Halberd           |       |       |       |   552 |    57 ||   609
Throw: Boomerang         |       |       |     2 |   147 |    56 ||   205
Invok: Berserk           |     1 |       |    10 |    26 |     1 ||    38
       Trog's Hand       |       |       |     1 |    11 |     2 ||    14
       Brothers in Arms  |       |       |       |       |     1 ||     1
Evoke: Phial of floods   |       |       |       |       |     1 ||     1
  Use: Scroll            |       |       |       |    21 |     3 ||    24
       Potion            |       |       |       |     3 |       ||     3
 Stab: Distracted        |       |       |       |     3 |     1 ||     4
Armor: Animal skin       |    28 |       |       |       |       ||    28
       Fire dragon scale |    65 |    92 |   125 |   381 |       ||   663
       Pearl dragon scal |       |       |       |     8 |    22 ||    30
Dodge: Dodged            |    86 |    69 |   126 |   342 |    47 ||   670

Table legend: (Time is in decaauts)
 A = Elapsed time spent in this place.
 B = Non-inter-level travel time spent in this place.
 C = Inter-level travel time spent in this place.
 D = Time resting spent in this place.
 E = Time spent auto-exploring this place.
 F = Levels seen in this place.
 G = Mean time per level.
                   A        B        C        D        E       F      G
               +--------+--------+--------+--------+--------+-----+--------+
         Total |  21374 |  20956 |    418 |   5683 |  10585 |  17 | 1257.3 |
       Dungeon |  18449 |  18090 |    359 |   5269 |   9176 |  12 | 1537.4 |
          Lair |   2062 |   2003 |     59 |     88 |   1280 |   3 |  687.3 |
        Shoals |    203 |    203 |      0 |      0 |     84 |   1 |  203.0 |
        Bailey |    659 |    659 |      0 |    326 |     44 |   1 |  659.0 |
               +--------+--------+--------+--------+--------+-----+--------+

Top non-repeatable levels by time:
     D:6: 3673 daAuts
     D:4: 2022 daAuts
     D:8: 1848 daAuts
     D:9: 1558 daAuts
     D:1: 1442 daAuts
     D:5: 1436 daAuts
    D:11: 1373 daAuts
    D:10: 1364 daAuts
     D:7: 1225 daAuts
  Lair:2: 1174 daAuts
     D:2: 1125 daAuts
  Lair:1: 886 daAuts
     D:3: 875 daAuts
  Bailey: 659 daAuts
    D:12: 503 daAuts
